 Dungeon Crawl Stone Soup version 0.16.2-12-gd0ad4c3 (webtiles) character file.

243 Burgundious the Conjurer (level 5, 5/31 HPs)
             Began as a High Elf Wizard on Sept 23, 2015.
             Was a Follower of Vehumet.
             Quit the game on level 4 of the Dungeon.
             The game lasted 00:13:40 (2583 turns).

Burgundious the Conjurer (High Elf Wizard)          Turns: 2583, Time: 00:13:40

Health: 5/31       AC:  2    Str:  6    XL:     5   Next: 82%
Magic:  2/16       EV: 18    Int: 22    God:    Vehumet [*.....]
Gold:   165        SH:  0    Dex: 19    Spells: 4 memorised, 4 levels left

rFire  . . .     SeeInvis .     u - +2 dagger (drain)
rCold  . . .     Clarity  .     a - +0 robe
rNeg   . . .     SustAb   .     (no shield)
rPois  .         Gourm    .     b - +0 hat
rElec  .         Spirit   .     (no cloak)
rCorr  .         Warding  .     (no gloves)
rMut   .         Stasis   .     (no boots)
MR     .....                    (no amulet)
Stlth  +++.......               (no ring)
                                (no ring)

@: agile, lethally poisoned (5 -> -4), very slightly contaminated, repel
missiles, not resistant to hostile enchantments, fairly stealthy
A: antennae 1
a: Renounce Religion


You were on level 4 of the Dungeon.
You worshipped Vehumet.
Vehumet was aware of your devotion.
You were not hungry.

You visited 1 branch of the dungeon, and saw 4 of its levels.

You collected 165 gold pieces.

Inventory:

Hand weapons
 f - a +0 short sword
 m - a +0 blowgun
 u - a +2 dagger of draining (weapon)
 C - a +1 mace of crushing
Missiles
 q - 17 poisoned needles
 x - 12 stones (quivered)
Armour
 a - a +0 robe (worn)
 b - a +0 hat (worn)
 o - a +0 cloak
Jewellery
 s - an uncursed amulet of guardian spirit
Magical devices
 t - a wand of lightning (3)
Scrolls
 e - 2 scrolls of remove curse {unknown}
 h - 2 scrolls of identify {unknown}
 i - 3 scrolls of enchant armour {unknown}
 j - 3 scrolls of fog {unknown}
 r - a scroll of immolation {unknown}
 y - a scroll of blinking {unknown}
 A - 2 scrolls of random uselessness {unknown}
 D - a scroll of noise {unknown}
 E - a scroll of recharging {unknown}
Potions
 g - a potion of lignification
 l - a potion of agility
 n - 2 potions of restore abilities
 w - a potion of haste
Books
 c - a book of Minor Magic

   Spells                             Type                      Level
   a - Magic Dart                     Conjuration                  1
   b - Blink                          Translocation                2
   c - Call Imp                       Summoning                    2
   d - Repel Missiles                 Charms/Air                   2
   e - Slow                           Hexes                        2
   f - Conjure Flame                  Conjuration/Fire             3
   g - Mephitic Cloud                 Conjuration/Poison/Air       3
Comestibles
 d - a bread ration
 k - 3 meat rations
 p - a royal jelly
 v - 3 slices of pizza


   Skills:
 - Level 2.1 Dodging
 - Level 2.1 Stealth
 - Level 4.1 Spellcasting
 + Level 5.2 Conjurations
 - Level 2.1 Charms
   Level 0.8 Summonings
   Level 1.1 Translocations
 - Level 2.0 Air Magic


You had 4 spell levels left.
You knew the following spells:

 Your Spells              Type           Power        Failure   Level  Hunger
a - Magic Dart            Conj           ####         1%          1    None
b - Repel Missiles        Chrm/Air       ##....       10%         2    #......
c - Slow                  Hex            #.......     17%         2    #......
d - Mephitic Cloud        Conj/Pois/Air  ###.....     14%         3    ##.....


Dungeon Overview and Level Annotations

Branches:
Dungeon (4/15)
 Temple: D:4-7

Altars:
Fedhas
Vehumet

Annotations:
D:3 EginhardtG's ghost, average MiFi


Innate Abilities, Weirdness & Mutations

You have a pair of small antennae on your head.


Message History

You feel agile all of a sudden. The worker ant barely misses you.
Casting: Mephitic Cloud
Confirm with . or Enter, or press ? or * to list all spells.
Okay, then.
The worker ant barely misses you.
The worker ant waves its antennae.
Casting: Mephitic Cloud
Confirm with . or Enter, or press ? or * to list all spells.
Aiming: Slow
Press: ? - help, Shift-Dir - straight line, f - worker ant
Aim: a worker ant (chance 47%)
Okay, then.
The worker ant bites you.
* * * LOW HITPOINT WARNING * * *
You are lethally poisoned!
The worker ant poisons you!
Drink which item? (? for menu, Esc to quit)
Okay, then.
Are you sure you want to abandon this character and quit the game? (Confirm with "yes".)

#.....#............#..#...'.#...
#.....'............#..+...#.'...
+.....#[#####+####+##'#...#.#...
#.....#.#..............#########
#.....#.'..............#
.......#+#..............#########
..........#####+##+#...#.##.#...
.........'...a.+..'...'.'..'...
........##.##@####...####.##.#
##+#.....#.##.##...######.##+#
+.....+.'...+...+.'........
##+##+#.....#.#####...#'####+##..
...!)......##.###.............#..
...........+....#.............#.#
...a.......#....'.............#.#
.#+##+#....#....#.............+..
. #....#+####.............#..


You could see a worker ant.

Vanquished Creatures
  An ogre (D:4)
  An iguana (D:4)
  2 worker ants (D:4)
  An adder (D:4)
  2 worms (D:4)
  An adder skeleton (D:4)
  4 giant geckos
  2 orcs (D:4)
  2 giant cockroaches
  8 goblins
  6 hobgoblins
  8 jackals
  4 kobolds
  A quokka (D:2)
  A ball python (D:4)
  8 bats
  A giant newt (D:1)
  7 rats
60 creatures vanquished.

Notes
Turn   | Place    | Note
--------------------------------------------------------------
     0 | D:1      | Burgundious, the High Elf Wizard, began the quest for the Orb.
     0 | D:1      | Reached XP level 1. HP: 11/11 MP: 5/5
     1 | D:1      | Noticed an electric eel
   318 | D:1      | Reached XP level 2. HP: 17/17 MP: 4/7
   322 | D:1      | Learned a level 2 spell: Repel Missiles
   325 | D:1      | Learned a level 2 spell: Slow
   915 | D:2      | Found a radiant altar of Vehumet.
   938 | D:2      | Became a worshipper of Vehumet
  1002 | D:2      | Reached XP level 3. HP: 19/21 MP: 0/10
  1007 | D:2      | Learned a level 3 spell: Mephitic Cloud
  1257 | D:2      | Reached skill level 4 in Spellcasting
  1573 | D:3      | Acquired Vehumet's first power
  1573 | D:3      | Offered knowledge of Sting by Vehumet.
  1613 | D:3      | Noticed EginhardtG's ghost (average MiFi)
  1661 | D:4      | Reached skill level 1 in Air Magic
  1736 | D:4      | Found a blossoming altar of Fedhas.
  1799 | D:4      | Reached XP level 4. HP: 27/27 MP: 10/14
  1884 | D:4      | Gained mutation: You are resistant to electric shocks. [potion of beneficial mutation]
  1887 | D:4      | Lost mutation: You are resistant to electric shocks. [potion of cure mutation]
  1893 | D:4      | Reached skill level 1 in Charms
  1930 | D:4      | Gained mutation: You have a pair of small antennae on your head. [potion of beneficial mutation]
  2370 | D:4      | Reached XP level 5. HP: 31/31 MP: 9/16
  2496 | D:4      | Noticed an ogre
  2515 | D:4      | Killed an ogre
  2515 | D:4      | Reached skill level 5 in Conjurations
  2583 | D:4      | Quit the game

Action                   |  1- 3 |  4- 6 || total
-------------------------+-------+-------++-------
Melee: Short sword       |    12 |       ||    12
       Dagger            |    25 |    15 ||    40
 Cast: Magic Dart        |    88 |    56 ||   144
       Repel Missiles    |     1 |     1 ||     2
       Mephitic Cloud    |       |     4 ||     4
       Slow              |       |     1 ||     1
  Use: Potion            |     2 |     8 ||    10
 Stab: Confused          |       |     1 ||     1
  Eat: Chunk             |     3 |     3 ||     6
